 Dungeon Crawl Stone Soup version 0.22.1-1-ga44c0e5 (webtiles) character file.

103 empire the Grasshopper (level 4, 0/38 HPs)
             Began as a Gnoll Warper on Nov 8, 2018.
             Slain by Natasha (4 damage)
             ... on level 2 of the Dungeon.
             The game lasted 00:04:28 (1556 turns).

empire the Grasshopper (Gnoll Warper)               Turns: 1556, Time: 00:04:29

Health: 0/38       AC:  3    Str: 14    XL:     4   Next: 79%
Magic:  8/11       EV: 14    Int: 15    God:
Gold:   87         SH:  0    Dex: 15    Spells: 6/13 levels left

rFire    . . .     SeeInvis .   a - +0 mace
rCold    . . .     Gourm    .   (no shield)
rNeg     . . .     Faith    .   b - +0 leather armour
rPois    .         Spirit   .   (no helmet)
rElec    .         Reflect  .   (no cloak)
rCorr    .         Harm     .   (no gloves)
MR       .....                  (no boots)
Stlth    ++........             (no amulet)
HPRegen  0.12/turn              (no ring)
MPRegen  0.12/turn              (no ring)

@: slowed, very slow
A: distributed training, fangs 1, strong nose
a: no special abilities


You were on level 2 of the Dungeon.
You were not hungry.

You visited 1 branch of the dungeon, and saw 2 of its levels.

You collected 87 gold pieces.

Inventory:

Hand Weapons
 a - a +0 mace (weapon)
Missiles
 e - 5 tomahawks of dispersal (quivered)
Armour
 b - a +0 leather armour (worn)
Scrolls
 d - 2 scrolls of blinking
 h - 3 scrolls of identify {unknown}
 l - a scroll of noise {unknown}
 m - 4 scrolls of remove curse
 o - a scroll of teleportation
Potions
 c - 2 potions of curing
 g - a potion of agility {unknown}
 i - a potion of magic {unknown}
 j - 2 potions of brilliance {unknown}
 n - a potion of invisibility {unknown}
Comestibles
 f - 3 rations


   Skills:
 + Level 4.7 Fighting
 + Level 1.2 Short Blades
 + Level 1.2 Long Blades
 + Level 1.2 Axes
 + Level 4.7 Maces & Flails
 + Level 1.2 Polearms
 + Level 1.2 Staves
 + Level 1.2 Slings
 + Level 1.2 Bows
 + Level 1.2 Crossbows
 + Level 2.8 Throwing
 + Level 2.8 Armour
 + Level 4.7 Dodging
 + Level 1.2 Stealth
 + Level 1.2 Shields
 + Level 1.2 Unarmed Combat
 + Level 5.1 Spellcasting
 + Level 1.0 Conjurations
 + Level 1.0 Hexes
 + Level 1.0 Charms
 + Level 1.0 Summonings
 + Level 1.0 Necromancy
 + Level 5.5 Translocations
 + Level 1.0 Transmutations
 + Level 1.0 Fire Magic
 + Level 1.0 Ice Magic
 + Level 1.0 Air Magic
 + Level 1.0 Earth Magic
 + Level 1.0 Poison Magic
 + Level 1.3 Invocations
 + Level 1.2 Evocations


You had 6 spell levels left.
You knew the following spells:

 Your Spells              Type           Power        Failure   Level  Hunger
a - Shroud of Golubria    Chrm/Tloc      ##........   8%          2    ##.....
b - Blink                 Tloc           N/A          3%          2    ##.....
c - Gell's Gravitas       Tloc           ###.......   6%          3    ###....

Your spell library contained the following spells:

 Spells                   Type           Power        Failure   Level  Hunger
 Lesser Beckoning         Tloc           ###.......   6%          3    ###....
 Teleport Other           Tloc           ###.....     6%          3    ###....
 Passage of Golubria      Tloc           N/A          21%         4    ####...


Dungeon Overview and Level Annotations

Branches:
Dungeon (2/15)

Altars:
Okawaru
Yredelemnul
Zin

Annotations:
D:2 Natasha


Innate Abilities, Weirdness & Mutations

Your experience applies equally to all skills.
You have very sharp teeth.
Your uncanny sense of smell can sniff out nearby items.


Message History

Your shroud bends Natasha's attack away.
The crimson imp hits you but does no damage.
Unknown command.
You closely miss Natasha.
Natasha is severely wounded.
The crimson imp disappears in a puff of smoke!
Natasha misses you. Natasha claws you but does no damage.
You closely miss Natasha.
Natasha is severely wounded.
Natasha claws you.
* * * LOW HITPOINT WARNING * * *
Your shroud falls apart!
Natasha claws you but does no damage.
Unknown command.
You hit Natasha but do no damage.
Natasha is severely wounded.
Natasha claws you.
* * * LOW HITPOINT WARNING * * *
Natasha claws you.
You die...

...# ###.#..........# #.......##
...###÷..##.........# #.....#...
.⌠.'..)####.<.....# #.....#...
.PP#.### #......# #.........
...#.# ###.##..## ##........
.P#### #...##..## ##.#...... .P#
####.####...####.....#.#....
######....####...........##.#....
###.............@...........##.#.
....#####...###.h...#####.####.##
###.# #...###....#..# #. #.##
###.###.####..##.##..# # #.##
.............# #.. #.# ##.###.#.
..#.....###### ##. ... .....#.#.
#..(.#### . ### #.(.....
......... .# #####.#. ...#######
#...


You could see Natasha.

Vanquished Creatures
  Natasha (D:2)
  3 adders (D:2)
  An ooze (D:2)
  4 dart slugs
  3 leopard geckos
  A giant cockroach (D:2)
  2 goblins (D:1)
  3 hobgoblins (D:1)
  2 ball pythons (D:1)
  7 bats
  2 frilled lizards (D:1)
  7 kobolds
  3 rats
39 creatures vanquished.

Vanquished Creatures (others)
  4 toadstools (D:1)
4 creatures vanquished.

Grand Total: 43 creatures vanquished

Notes
Turn   | Place    | Note
-------+----------+-------------------------------------------
     0 | D:1      | empire the Gnoll Warper began the quest for the Orb.
     0 | D:1      | Reached XP level 1. HP: 20/20 MP: 6/6
    92 | D:1      | Reached XP level 2. HP: 25/26 MP: 7/7
   523 | D:1      | Reached XP level 3. HP: 31/31 MP: 9/9
   559 | D:1      | Reached skill level 5 in Spellcasting
   774 | D:2      | Found an iron altar of Okawaru.
   780 | D:2      | Found a basalt altar of Yredelemnul.
   791 | D:2      | Reached skill level 1 in Invocations
   823 | D:2      | Found a glowing silver altar of Zin.
   902 | D:2      | Reached skill level 1 in Short Blades
   902 | D:2      | Reached skill level 1 in Long Blades
   902 | D:2      | Reached skill level 1 in Axes
   902 | D:2      | Reached skill level 1 in Polearms
   902 | D:2      | Reached skill level 1 in Staves
   902 | D:2      | Reached skill level 1 in Slings
   902 | D:2      | Reached skill level 1 in Bows
   902 | D:2      | Reached skill level 1 in Crossbows
   902 | D:2      | Reached skill level 1 in Stealth
   902 | D:2      | Reached skill level 1 in Shields
   902 | D:2      | Reached skill level 1 in Unarmed Combat
   902 | D:2      | Reached skill level 1 in Evocations
   902 | D:2      | Reached XP level 4. HP: 28/38 MP: 11/11
   935 | D:2      | Learned a level 2 spell: Blink
   939 | D:2      | Learned a level 3 spell: Gell's Gravitas
   942 | D:2      | Learned a level 2 spell: Shroud of Golubria
   947 | D:2      | Noticed Natasha
   954 | D:2      | Killed Natasha
  1236 | D:2      | Reached skill level 1 in Conjurations
  1236 | D:2      | Reached skill level 1 in Hexes
  1236 | D:2      | Reached skill level 1 in Charms
  1236 | D:2      | Reached skill level 1 in Summonings
  1236 | D:2      | Reached skill level 1 in Necromancy
  1236 | D:2      | Reached skill level 1 in Transmutations
  1236 | D:2      | Reached skill level 1 in Fire Magic
  1236 | D:2      | Reached skill level 1 in Ice Magic
  1236 | D:2      | Reached skill level 1 in Air Magic
  1236 | D:2      | Reached skill level 1 in Earth Magic
  1236 | D:2      | Reached skill level 1 in Poison Magic
  1535 | D:2      | Noticed Natasha
  1556 | D:2      | Slain by Natasha

Skill      XL: |  1  2  3  4 |
---------------+-------------+-----
Spellcasting   | 5 |  5.1
Invocations    | 1 |  1.3
Short Blades   | 1 |  1.2
Long Blades    | 1 |  1.2
Axes           | 1 |  1.2
Polearms       | 1 |  1.2
Staves         | 1 |  1.2
Slings         | 1 |  1.2
Bows           | 1 |  1.2
Crossbows      | 1 |  1.2
Stealth        | 1 |  1.2
Shields        | 1 |  1.2
Unarmed Combat | 1 |  1.2
Evocations     | 1 |  1.2
Conjurations   | 1 |  1.0
Hexes          | 1 |  1.0
Charms         | 1 |  1.0
Summonings     | 1 |  1.0
Necromancy     | 1 |  1.0
Transmutations | 1 |  1.0
Fire Magic     | 1 |  1.0
Ice Magic      | 1 |  1.0
Air Magic      | 1 |  1.0
Earth Magic    | 1 |  1.0
Poison Magic   | 1 |  1.0
Fighting       | |  4.7
Maces & Flails | |  4.7
Throwing       | |  2.8
Armour         | |  2.8
Dodging        | |  4.7
Translocations | |  5.5

Action                   |  1- 3 |  4- 6 || total
-------------------------+-------+-------++-------
Melee: Mace              |    87 |    47 ||   134
       Bite              |     9 |     4 ||    13
 Cast: Shroud of Golubri |       |     2 ||     2
  Use: Scroll            |     2 |       ||     2
       Potion            |       |     1 ||     1
 Stab: Sleeping          |       |     1 ||     1
  Eat: Chunk             |       |     2 ||     2
Armor: Leather armour    |    14 |    13 ||    27
Dodge: Dodged            |    90 |    42 ||   132
